 Dungeon Crawl Stone Soup version 0.31-a0-152-g6aa68a64a1 (webtiles) character file.

Game seed: 12367974398449742253

4828 qw the Skirmisher (level 10, -1/98 HPs)
             Began as a Naga Hunter on June 9, 2023.
             Was a Follower of Okawaru.
             Slain by a death yak (21 damage)
             ... on level 7 of the Dungeon.
             The game lasted 00:02:54 (7548 turns).

qw the Skirmisher (Naga Hunter)                     Turns: 7548, Time: 00:02:54

Health: -1/98      AC:  8    Str: 14    XL:     10   Next: 49%
Magic:  7/10       EV: 15    Int: 11    God:    Okawaru [*.....]
Gold:   863        SH:  5    Dex: 19    Spells: 9/9 levels left

rFire   . . .        k - +9 shortbow of the Sea {drain, Fly rCorr Int+2}
rCold   . . .        (shield currently unavailable)
rNeg    . . .        i - +0 steam dragon scales
rPois   +            (no helmet)
rElec   .            e - +0 cloak
rCorr   +            (no gloves)
SInv    +            (no barding)
Will    +....        g - amulet of reflection
Stlth   ++++         (no ring)
HPRegen 0.36/turn    (no ring)
MPRegen 0.12/turn

%: reflection
@: short of breath, heroic, flying, very slow
A: AC +3, large, see invisible, deformed body, poison resistance, slowness 2,
spit poison 1, naga tail 1
a: Spit Poison, Renounce Religion, Heroism


You were on level 7 of the Dungeon.
You worshipped Okawaru.
Okawaru was aware of your devotion.
You visited 2 branches of the dungeon, and saw 9 of its levels.

You collected 1136 gold pieces.
You spent 273 gold pieces at shops.


Innate Abilities, Weirdness & Mutations

Your serpentine skin is tough. (AC +3)
You have supernaturally acute eyesight. (SInv)
Armour fits poorly on your strangely shaped body.
Your system is resistant to poisons. (rPois)
You cover ground very slowly.
You can spit poison.
You have a snake-like lower body.


   Skills:
 - Level 8.7(13.7) Fighting
 + Level 11.0(16.0) Ranged Weapons
 - Level 2.0(7.0) Armour
 - Level 4.2(9.2) Dodging
 - Level 1.5(6.5) Stealth
 + Level 0.0 Invocations


You had 9 spell levels left.
You didn't know any spells.
Your spell library was empty.

Inventory:

Hand Weapons
 k - the +9 shortbow of the Sea (weapon) {drain, Fly rCorr Int+2}
   (You bought it in a shop on level 4 of the Dungeon)

   Int:       It affects your intelligence (+2).
   Fly:       It grants you flight.
   rCorr:     It protects you from acid and corrosion.
Armour
 e - a +0 cloak (worn)
 i - +0 steam dragon scales (worn)
Jewellery
 g - an amulet of reflection (around neck)
 j - a ring of ice
 l - a ring of ice
Scrolls
 b - 8 scrolls of identify
Potions
 a - 2 potions of curing
 c - a potion of mutation
 d - 2 potions of resistance

Dungeon Overview and Level Annotations

Branches:
Dungeon (8/15)             Temple (1/1) D:7
   Lair: D:8-11

Altars:
Cheibriados
Dithmenos
Elyvilon
Fedhas
Hepliaklqana
Kikubaaqudgha
Makhleb
Okawaru
Qazlal
Ru
Sif Muna
Trog
Uskayaw
Vehumet
Wu Jian
Xom
Yredelemnul
Zin

Shops:
D:2 *   D:4 (

Annotations:
D:3 1 runed translucent door, Crazy Yiuf
D:4 2 runed translucent doors, qw's ghost, amateur MiHu
D:7 3 runed translucent doors, qw's ghost, amateur MiHu


Message History

The death yak gores you but does no damage.
You shoot an arrow. The arrow hits the death yak!
The death yak is moderately wounded.
The death yak gores you!!
You shoot an arrow. The arrow hits the death yak.
The death yak is moderately wounded.
The death yak barely misses you.
You shoot an arrow. The arrow hits the death yak!
The death yak is heavily wounded.
You have got your breath back.
You block the death yak's attack.
7542 ||| INVOKING Spit Poison.
Aiming: Spit Poison (1% risk of failure)
Press: ? - help, Shift-Dir - straight line, f/p - death yak The splash of poison hits the death yak but does no damage.
The death yak is heavily wounded.
The death yak gores you!!
7543 ||| STAIRDANCE The death yak gores you!
You fly upwards.
Level annotation: 3 runed translucent doors, qw's ghost, amateur MiHu You have got your breath back.
There is a stone staircase leading down, spattered with blood here.
7545 ||| INVOKING Spit Poison.
Aiming: Spit Poison (1% risk of failure)
Press: ? - help, Shift-Dir - straight line, f - death yak The splash of poison hits the death yak but does no damage.
The death yak is poisoned.
The death yak is heavily wounded.
The death yak gores you!
You shoot an arrow. The arrow hits the death yak.
The death yak is severely wounded.
You shoot an arrow. The arrow hits the death yak!
You drain the death yak.
The death yak is almost dead.
You feel like a meek peon again. The death yak closely misses you.
7548 ||| INVOKING Heroism.
You gain the combat prowess of a mighty hero.
The death yak gores you!!
You die...

#..##### #.##.}.##
####.#.#.#.##
#....+K.#..$#
#.#..+KKK..=####
#.##.+KK#K..#..#
####....#K#K#.###.#
#.......##KW.###Y.#
.........#####..@##
..).#.##...#####.# #####
.[###....#.#.....####...#
<........#....#....##.#.#
###############..#.##.#.#
##...####........#.##.#.#
~~~~~~~#########.#....#.#
##...####......#.######.#
###............#....# #.#


You could see a death yak (poisoned, drained).

Vanquished Creatures
  2 death yaks (D:7)
  Pikel (D:6)
  Grinder (D:6)
  A steam dragon (D:5)
  2 water moccasins
  Duvessa (D:6)
  3 ice beasts
  3 sky beasts (D:7)
  A black bear (D:6)
  An orc warrior (D:7)
  2 ogres
  3 lemures (D:6)
  3 bullfrogs
  An elf zombie (D:4)
  A scorpion (D:6)
  An elf skeleton (D:4)
  3 wights (D:6)
  Dowan (D:6)
  2 vampire bats (D:7)
  A howler monkey (D:6)
  3 lava snakes (D:7)
  4 hounds
  4 orc priests (D:7)
  2 sleepcaps
  A gnoll bouda (D:5)
  2 human skeletons (D:4)
  An iguana (D:5)
  7 orc wizards
  A hell rat (D:8)
  9 gnolls
  8 adders
  A white imp (D:6)
  3 worms
  2 dart slugs
  38 orcs
  11 ball pythons
  4 bats
  2 bat skeletons (D:7)
  3 bat zombies (D:7)
  3 endoplasms
  4 giant cockroaches
  9 goblins
  11 hobgoblins
  8 jackals
  5 quokkas
  2 frilled lizards
  6 kobolds
  2 orc skeletons (D:4)
  6 rats
196 creatures vanquished.

Notes
Turn   | Place    | Note
-------+----------+-------------------------------------------
     0 | D:1      | qw the Naga Hunter began the quest for the Orb.
     0 | D:1      | Reached XP level 1. HP: 19/19 MP: 1/1
     0 | D:1      | 0 ||| qw: Version: 0.2-a-122-gbc61b45
     0 | D:1      | 0 ||| qw: Game counter: 3400
     0 | D:1      | 0 ||| qw: Always use a shield: true
     0 | D:1      | 0 ||| qw: God list: Okawaru
     0 | D:1      | 0 ||| qw: Allow faded altars: false
     0 | D:1      | 0 ||| qw: Do Orc after D:15 true
     0 | D:1      | 0 ||| qw: Do second Lair branch before Depths: true
     0 | D:1      | 0 ||| qw: Lair rune preference: random
     0 | D:1      | 0 ||| qw: Plans: Normal
     0 | D:1      | 0 ||| PLANNING D:1-11
     7 | D:1      | 7 ||| INVOKING Spit Poison.
    12 | D:1      | 12 ||| INVOKING Spit Poison.
    25 | D:1      | 25 ||| INVOKING Spit Poison.
    72 | D:1      | 72 ||| INVOKING Spit Poison.
    73 | D:1      | Reached skill level 4 in Ranged Weapons
    73 | D:1      | Reached XP level 2. HP: 26/26 MP: 2/2
    96 | D:1      | 96 ||| INVOKING Spit Poison.
   102 | D:1      | 102 ||| INVOKING Spit Poison.
   132 | D:1      | 132 ||| INVOKING Spit Poison.
   148 | D:1      | 148 ||| INVOKING Spit Poison.
   156 | D:1      | 156 ||| INVOKING Spit Poison.
   164 | D:1      | 164 ||| INVOKING Spit Poison.
   167 | D:1      | 167 ||| INVOKING Spit Poison.
   197 | D:1      | 197 ||| INVOKING Spit Poison.
   220 | D:1      | 220 ||| INVOKING Spit Poison.
   228 | D:1      | 228 ||| INVOKING Spit Poison.
   360 | D:1      | 360 ||| INVOKING Spit Poison.
   363 | D:1      | Reached XP level 3. HP: 32/32 MP: 3/3
   376 | D:1      | 376 ||| INVOKING Spit Poison.
   381 | D:1      | 381 ||| INVOKING Spit Poison.
   393 | D:1      | 393 ||| INVOKING Spit Poison.
   462 | D:1      | 462 ||| INVOKING Spit Poison.
   775 | D:1      | 775 ||| READING scroll labelled WIPLOS FIQICOH.
   776 | D:1      | 776 ||| READING scroll labelled LEIDWIR PEQO.
   777 | D:1      | 777 ||| READING scroll labelled KOOBEP VAUPP.
   778 | D:1      | 778 ||| DROPPING scroll of butterflies.
   813 | D:2      | 813 ||| INVOKING Spit Poison.
   817 | D:2      | 817 ||| INVOKING Spit Poison.
   837 | D:2      | 837 ||| INVOKING Spit Poison.
   901 | D:2      | Found Okkomuo's General Store.
   909 | D:2      | 909 ||| BUYING potion of curing (39 gold).
   909 | D:2      | Bought a potion of curing for 39 gold pieces
   909 | D:2      | 909 ||| BUYING scroll of identify (26 gold).
   909 | D:2      | Bought a scroll of identify for 26 gold pieces
   913 | D:2      | 913 ||| INVOKING Spit Poison.
   923 | D:2      | 923 ||| INVOKING Spit Poison.
   953 | D:2      | 953 ||| INVOKING Spit Poison.
  1009 | D:2      | 1009 ||| INVOKING Spit Poison.
  1012 | D:2      | 1012 ||| INVOKING Spit Poison.
  1014 | D:2      | Reached skill level 5 in Ranged Weapons
  1056 | D:2      | 1056 ||| INVOKING Spit Poison.
  1058 | D:2      | Reached XP level 4. HP: 38/39 MP: 4/4
  1098 | D:2      | 1098 ||| INVOKING Spit Poison.
  1103 | D:2      | 1103 ||| INVOKING Spit Poison.
  1109 | D:2      | 1109 ||| INVOKING Spit Poison.
  1188 | D:2      | 1188 ||| INVOKING Spit Poison.
  1239 | D:2      | 1239 ||| INVOKING Spit Poison.
  1275 | D:2      | 1275 ||| INVOKING Spit Poison.
  1309 | D:2      | You fall into a shaft and drop 1 floor!
  1313 | D:3      | 1313 ||| INVOKING Spit Poison.
  1316 | D:3      | 1316 ||| INVOKING Spit Poison.
  1320 | D:3      | 1320 ||| INVOKING Spit Poison.
  1451 | D:3      | 1451 ||| INVOKING Spit Poison.
  1459 | D:3      | 1459 ||| INVOKING Spit Poison.
  1463 | D:3      | 1463 ||| INVOKING Spit Poison.
  1467 | D:3      | 1467 ||| INVOKING Spit Poison.
  1480 | D:3      | 1480 ||| INVOKING Spit Poison.
  1540 | D:3      | 1540 ||| INVOKING Spit Poison.
  1558 | D:3      | Reached skill level 3 in Fighting
  1583 | D:3      | 1583 ||| INVOKING Spit Poison.
  1665 | D:3      | 1665 ||| INVOKING Spit Poison.
  1678 | D:3      | 1678 ||| UPGRADING to amulet of reflection.
  1683 | D:3      | 1683 ||| READING scroll labelled JANEZX CEACH.
  1684 | D:3      | 1684 ||| DRINKING 2 metallic green potions.
  1789 | D:3      | 1789 ||| DRINKING 2 lumpy orange potions.
  1790 | D:3      | 1790 ||| READING 2 scrolls of identify.
  1790 | D:3      | 1790 ||| IDENTIFYING emerald potion
  1791 | D:3      | 1791 ||| DROPPING potion of berserk rage.
  1792 | D:3      | 1792 ||| DROPPING potion of magic.
  1923 | D:2      | 1923 ||| INVOKING Spit Poison.
  1932 | D:2      | 1932 ||| INVOKING Spit Poison.
  2012 | D:2      | 2012 ||| INVOKING Spit Poison.
  2093 | D:2      | 2093 ||| INVOKING Spit Poison.
  2159 | D:2      | 2159 ||| UPGRADING to +0 cloak.
  2164 | D:2      | 2164 ||| READING scroll labelled KUBLIO ORGHIG.
  2164 | D:2      | Identified a scroll of acquirement
  2164 | D:2      | 2164 ||| ACQUIRING 711 gold pieces
  2164 | D:2      | Acquired 711 gold pieces
  2194 | D:3      | 2194 ||| INVOKING Spit Poison.
  2248 | D:3      | 2248 ||| INVOKING Spit Poison.
  2288 | D:3      | 2288 ||| INVOKING Spit Poison.
  2439 | D:3      | 2439 ||| INVOKING Spit Poison.
  2444 | D:3      | Reached XP level 5. HP: 47/49 MP: 5/5
  2444 | D:3      | 2444 ||| INVOKING Spit Poison.
  2445 | D:3      | 2445 ||| INVOKING Spit Poison.
  2461 | D:3      | 2461 ||| INVOKING Spit Poison.
  2474 | D:3      | 2474 ||| INVOKING Spit Poison.
  2478 | D:3      | 2478 ||| INVOKING Spit Poison.
  2481 | D:3      | 2481 ||| INVOKING Spit Poison.
  2485 | D:3      | 2485 ||| INVOKING Spit Poison.
  2561 | D:3      | Found a faded altar of an unknown god.
  2687 | D:3      | Found a glowing silver altar of Zin.
  2687 | D:3      | Noticed an angel
  2770 | D:3      | Found a runed translucent door.
  2771 | D:3      | Noticed Crazy Yiuf
  2774 | D:3      | 2774 ||| READING scroll labelled SEPPOA LUESHU.
  2775 | D:3      | 2775 ||| READING 2 scrolls labelled OFREGU ROES.
  2776 | D:3      | 2776 ||| READING scroll labelled QOLEXU AHEXAG.
  2777 | D:3      | 2777 ||| READING 5 scrolls of identify.
  2777 | D:3      | 2777 ||| IDENTIFYING fizzy blue potion
  2778 | D:3      | 2778 ||| DROPPING scroll of noise.
  2779 | D:3      | 2779 ||| DROPPING potion of invisibility.
  2795 | D:4      | 2795 ||| PLANNING OSSUARY
  2815 | D:4      | Found a large runed translucent door.
  2817 | D:4      | Found a large runed translucent door.
  2822 | D:4      | Noticed qw's ghost (amateur MiHu)
  2840 | D:4      | 2840 ||| INVOKING Spit Poison.
  2853 | D:4      | 2853 ||| INVOKING Spit Poison.
  2926 | D:4      | 2926 ||| INVOKING Spit Poison.
  2929 | D:4      | 2929 ||| INVOKING Spit Poison.
  2934 | D:4      | 2934 ||| INVOKING Spit Poison.
  3001 | D:4      | 3001 ||| INVOKING Spit Poison.
  3059 | D:4      | Found an ornate altar of the Wu Jian Council.
  3161 | D:4      | 3161 ||| INVOKING Spit Poison.
  3189 | D:4      | 3189 ||| INVOKING Spit Poison.
  3215 | D:4      | 3215 ||| INVOKING Spit Poison.
  3219 | D:4      | Reached skill level 6 in Ranged Weapons
  3222 | D:4      | 3222 ||| INVOKING Spit Poison.
  3234 | D:4      | 3234 ||| INVOKING Spit Poison.
  3237 | D:4      | 3237 ||| INVOKING Spit Poison.
  3240 | D:4      | 3240 ||| INVOKING Spit Poison.
  3243 | D:4      | 3243 ||| INVOKING Spit Poison.
  3244 | D:4      | Reached XP level 6. HP: 48/56 MP: 6/6
  3286 | D:4      | 3286 ||| RIP OSSUARY
  3308 | D:4      | 3308 ||| PLANNING D:1-11
  3314 | D:4      | 3314 ||| INVOKING Spit Poison.
  3321 | D:4      | 3321 ||| INVOKING Spit Poison.
  3355 | D:4      | Found a white marble altar of Elyvilon.
  3369 | D:4      | Found Zaraosat's Antique Weapon Boutique.
  3377 | D:4      | 3377 ||| BUYING crude shortbow (208 gold).
  3377 | D:4      | Bought a crude shortbow for 208 gold pieces
  3377 | D:4      | Identified the +9 shortbow of the Sea {drain, Fly rCorr
                  | Int+2} (You bought it in a shop on level 4 of the Dungeon)
  3377 | D:4      | 3377 ||| SWAPPING to +9 shortbow of the Sea {drain, Fly
                  | rCorr Int+2}.
  3378 | D:4      | 3378 ||| DROPPING +0 shortbow.
  3400 | D:4      | Found a shimmering blue altar of Sif Muna.
  3484 | D:4      | 3484 ||| INVOKING Spit Poison.
  3599 | D:4      | Reached XP level 7. HP: 59/64 MP: 7/7
  3768 | D:4      | 3768 ||| READING scroll labelled SUONOASUNE.
  3871 | D:4      | 3871 ||| READING scroll labelled XONOSHOBBO.
  3872 | D:4      | 3872 ||| READING scroll labelled BYAGGO CAKHLIOQ.
  3873 | D:4      | 3873 ||| DRINKING 3 lumpy green potions.
  3874 | D:4      | 3874 ||| DROPPING 2 potions of degeneration.
  3896 | D:5      | Entered Level 5 of the Dungeon
  4090 | D:5      | 4090 ||| INVOKING Spit Poison.
  4092 | D:5      | Reached skill level 7 in Ranged Weapons
  4106 | D:5      | 4106 ||| INVOKING Spit Poison.
  4110 | D:5      | 4110 ||| INVOKING Spit Poison.
  4231 | D:5      | Noticed a steam dragon
  4232 | D:5      | 4232 ||| INVOKING Spit Poison.
  4235 | D:5      | Killed a steam dragon
  4236 | D:5      | Reached skill level 3 in Dodging
  4511 | D:5      | 4511 ||| INVOKING Spit Poison.
  4516 | D:5      | 4516 ||| INVOKING Spit Poison.
  4563 | D:5      | 4563 ||| Stepping ~*~*~tactically~*~*~ (outnumbered).
  4564 | D:5      | 4564 ||| INVOKING Spit Poison.
  4567 | D:5      | 4567 ||| INVOKING Spit Poison.
  4571 | D:5      | 4571 ||| Stepping ~*~*~tactically~*~*~ (outnumbered).
  4572 | D:5      | 4572 ||| Stepping ~*~*~tactically~*~*~ (outnumbered).
  4573 | D:5      | 4573 ||| INVOKING Spit Poison.
  4579 | D:5      | 4579 ||| INVOKING Spit Poison.
  4710 | D:5      | 4710 ||| INVOKING Spit Poison.
  4746 | D:5      | Reached XP level 8. HP: 72/72 MP: 8/8
  4785 | D:5      | Reached skill level 8 in Ranged Weapons
  4808 | D:5      | 4808 ||| INVOKING Spit Poison.
  4816 | D:5      | 4816 ||| INVOKING Spit Poison.
  4925 | D:5      | 4925 ||| UPGRADING to +0 steam dragon scales.
  4935 | D:5      | 4935 ||| DROPPING +0 leather armour.
  4936 | D:5      | 4936 ||| READING scroll labelled QUJOHA ELANKI.
  5037 | D:5      | 5037 ||| READING scroll labelled GAELUUX VOENLU.
  5038 | D:5      | 5038 ||| DRINKING 2 pink potions.
  5085 | D:6      | Reached skill level 1 in Armour
  5086 | D:6      | 5086 ||| INVOKING Spit Poison.
  5100 | D:6      | 5100 ||| INVOKING Spit Poison.
  5108 | D:6      | 5108 ||| INVOKING Spit Poison.
  5109 | D:6      | 5109 ||| INVOKING Spit Poison.
  5144 | D:6      | 5144 ||| DROPPING +1 antimagic sling.
  5158 | D:6      | 5158 ||| INVOKING Spit Poison.
  5164 | D:6      | 5164 ||| INVOKING Spit Poison.
  5177 | D:6      | Noticed Pikel
  5179 | D:6      | 5179 ||| INVOKING Spit Poison.
  5184 | D:6      | 5184 ||| INVOKING Spit Poison.
  5189 | D:6      | 5189 ||| INVOKING Spit Poison.
  5195 | D:6      | 5195 ||| INVOKING Spit Poison.
  5199 | D:6      | HP: 15/74 [Pikel/+2 whip of flaming (5)]
  5200 | D:6      | 5200 ||| DRINKING potion of heal wounds.
  5203 | D:6      | 5203 ||| INVOKING Spit Poison.
  5205 | D:6      | Killed Pikel
  5206 | D:6      | Reached skill level 9 in Ranged Weapons
  5206 | D:6      | Reached XP level 9. HP: 23/81 MP: 9/9
  5393 | D:6      | Identified the +1 ring mail of Mental Paralysis {Rampage}
  5417 | D:6      | Noticed Grinder
  5426 | D:6      | Killed Grinder
  5427 | D:6      | Reached skill level 6 in Fighting
  5438 | D:6      | Reached skill level 10 in Ranged Weapons
  5460 | D:6      | 5460 ||| INVOKING Spit Poison.
  5466 | D:6      | 5466 ||| INVOKING Spit Poison.
  5545 | D:6      | 5545 ||| INVOKING Spit Poison.
  5548 | D:6      | Noticed Dowan
  5552 | D:6      | 5552 ||| INVOKING Spit Poison.
  5553 | D:6      | Killed Dowan
  5553 | D:6      | Noticed Duvessa
  5560 | D:6      | 5560 ||| INVOKING Spit Poison.
  5567 | D:6      | 5567 ||| INVOKING Spit Poison.
  5568 | D:6      | Killed Duvessa
  5741 | D:6      | Found a bloodstained altar of Trog.
  5759 | D:6      | 5759 ||| INVOKING Spit Poison.
  5896 | D:6      | Found a blossoming altar of Fedhas.
  6016 | D:6      | 6016 ||| DROPPING +1 ring mail of Mental Paralysis
                  | {Rampage}.
  6017 | D:6      | 6017 ||| READING scroll labelled NEAFIL CULEXOQ.
  6021 | D:6      | 6021 ||| READING 7 scrolls of identify.
  6021 | D:6      | 6021 ||| IDENTIFYING grey potion
  6022 | D:6      | 6022 ||| READING 6 scrolls of identify.
  6022 | D:6      | 6022 ||| IDENTIFYING coppery potion
  6023 | D:6      | 6023 ||| DROPPING potion of attraction.
  6035 | D:7      | 6035 ||| INVOKING Spit Poison.
  6041 | D:7      | 6041 ||| INVOKING Spit Poison.
  6048 | D:7      | 6048 ||| INVOKING Spit Poison.
  6056 | D:7      | Found a runed translucent gate.
  6056 | D:7      | Found a runed translucent gate.
  6059 | D:7      | Noticed a kobold demonologist
  6060 | D:7      | Noticed qw's ghost (amateur MiHu)
  6062 | D:7      | Found a runed translucent gate.
  6174 | D:7      | 6174 ||| INVOKING Spit Poison.
  6180 | D:7      | 6180 ||| INVOKING Spit Poison.
  6186 | D:7      | 6186 ||| INVOKING Spit Poison.
  6247 | D:7      | 6247 ||| INVOKING Spit Poison.
  6254 | D:7      | 6254 ||| INVOKING Spit Poison.
  6334 | D:7      | 6334 ||| Stepping ~*~*~tactically~*~*~ (outnumbered).
  6335 | D:7      | 6335 ||| INVOKING Spit Poison.
  6336 | D:7      | 6336 ||| DRINKING 3 potions of curing.
  6336 | D:7      | 6336 ||| (to cure confusion)
  6340 | D:7      | 6340 ||| INVOKING Spit Poison.
  6444 | D:7      | 6444 ||| Stepping ~*~*~tactically~*~*~ (outnumbered).
  6446 | D:7      | 6446 ||| Stepping ~*~*~tactically~*~*~ (outnumbered).
  6447 | D:7      | 6447 ||| INVOKING Spit Poison.
  6453 | D:7      | Reached skill level 11 in Ranged Weapons
  6567 | D:7      | Reached XP level 10. HP: 94/94 MP: 10/10
  6665 | D:7      | 6665 ||| INVOKING Spit Poison.
  6680 | D:7      | 6680 ||| INVOKING Spit Poison.
  6684 | D:7      | 6684 ||| INVOKING Spit Poison.
  6750 | D:7      | 6750 ||| INVOKING Spit Poison.
  6819 | D:7      | Found an ancient bone altar of Kikubaaqudgha.
  6947 | D:7      | Found a staircase to the Ecumenical Temple.
  6948 | D:7      | 6948 ||| PLANNING TEMPLE
  6953 | Temple   | Entered the Ecumenical Temple
  7118 | Temple   | 7118 ||| PLANNING OKAWARU WORSHIP
  7132 | Temple   | Became a worshipper of Warmaster Okawaru
  7132 | Temple   | 7132 ||| PLANNING D:1-11
  7243 | D:8      | 7243 ||| INVOKING Spit Poison.
  7246 | D:8      | Noticed a death yak
  7248 | D:8      | Noticed a death yak
  7249 | D:8      | Noticed a death yak
  7250 | D:8      | 7250 ||| INVOKING Spit Poison.
  7254 | D:8      | 7254 ||| INVOKING Spit Poison.
  7258 | D:8      | 7258 ||| STAIRDANCE
  7261 | D:7      | 7261 ||| INVOKING Spit Poison.
  7265 | D:7      | HP: 16/94 [death yak (11)]
  7266 | D:7      | 7266 ||| READING scroll of teleportation.
  7267 | D:7      | 7267 ||| DRINKING potion of heal wounds.
  7268 | D:7      | 7268 ||| INVOKING Spit Poison.
  7278 | D:7      | Killed a death yak
  7468 | D:7      | 7468 ||| INVOKING Spit Poison.
  7473 | D:7      | 7473 ||| INVOKING Spit Poison.
  7477 | D:7      | 7477 ||| INVOKING Spit Poison.
  7480 | D:7      | Killed a death yak
  7480 | D:7      | Reached * piety under Okawaru
  7537 | D:8      | 7537 ||| INVOKING Heroism.
  7538 | D:8      | 7538 ||| INVOKING Spit Poison.
  7542 | D:8      | 7542 ||| INVOKING Spit Poison.
  7543 | D:8      | 7543 ||| STAIRDANCE
  7545 | D:7      | 7545 ||| INVOKING Spit Poison.
  7545 | D:7      | HP: 19/98 [death yak (16)]
  7548 | D:7      | 7548 ||| INVOKING Heroism.
  7548 | D:7      | Slain by a death yak

Levels and vault maps discovered:
D:1:      roderic_dead_forest, layout_basic
D:2:      layout_basic, serial_shops, shop, chequers_serial_rivers_large_a,
          roderic_lattice_a
D:3:      layout_basic, zin_angel, serial_glass, glass_columns_c,
          glass_columns_b, shapermc_ecumenical_altar_mp_vishouse,
          minmay_joined_circles, uniq_crazy_yiuf_cottage
D:4:      layout_basic, kennysheep_little_box,
          mainiacjoe_overflow_cross_hatched, lemuel_tele_altar,
          nicolae_ossuary_entry_catacombs, ebering_ghost_disaster_area,
          serial_shops, shop, kennysheep_cluttered_room
D:5:      layout_gridville
D:6:      layout_cave_pools, bloody_trog, kennysheep_mini_moat, uniq_pikel,
          uniq_grinder, uniq_duvessa
D:7:      layout_basic, kennysheep_vampire_church,
          minmay_temple_entry_enclosed_plants, gammafunk_ghost_nasty_kobolds,
          chequers_serial_rivers_micro_a, kennysheep_boxes
D:8:      layout_basic, dpeg_lair_monsters, chequers_serial_rivers_micro_e,
          uniq_erica, uniq_maurice
Temple:   chequers_temple_sunken

Skill      XL: |  1  2  3  4  5  6  7  8  9 10 |
---------------+-------------------------------+-----
Ranged Weapons | 4 5 6 7 9 11 | 11.0
Fighting       | 3 4 5 7 8 |  8.7
Dodging        | 3 4 |  4.2
Armour         | 1 2 |  2.0
Stealth        | |  1.5

Action                     |  1- 3 |  4- 6 |  7- 9 | 10-12 || total
---------------------------+-------+-------+-------+-------++-------
   Fire: Shortbow          |    59 |   132 |   222 |    53 ||   466
 Invoke: Heroism           |       |       |       |     2 ||     2
Ability: Spit Poison       |    28 |    48 |    41 |    15 ||   132
    Use: Scroll            |     3 |     7 |     8 |     1 ||    19
         Potion            |       |     2 |     4 |     1 ||     7
 Armour: Leather armour    |     7 |    20 |     4 |       ||    31
         Steam dragon scal |       |       |    15 |     6 ||    21
  Dodge: Dodged            |     6 |    36 |    36 |    17 ||    95
  Block: Other             |       |    12 |    20 |     8 ||    40
         Reflection        |       |       |     2 |       ||     2

Table legend:
 A = Non-vault XP
 B = Vault XP
 C = Vault XP percentage of total XP
 D = Non-vault monster count
 E = Vault monster count
 F = Vault count percentage of total count
                 A         B        C        D         E       F
            +---------+---------+-------+---------+---------+-------
      Total |    3745 |    3153 |  45.7 |     160 |      33 |  17.1
            +---------+---------+-------+---------+---------+-------
        D:1 |      42 |       0 |   0.0 |      25 |       0 |   0.0
        D:2 |      64 |       0 |   0.0 |      20 |       0 |   0.0
        D:3 |      60 |      31 |  34.1 |      14 |      10 |  41.7
        D:4 |     241 |     245 |  50.4 |      16 |       6 |  27.3
        D:5 |     680 |       0 |   0.0 |      24 |       0 |   0.0
        D:6 |    1233 |    1105 |  47.3 |      29 |       4 |  12.1
        D:7 |    1425 |    1734 |  54.9 |      32 |       9 |  22.0
        D:8 |       0 |      38 | 100.0 |       0 |       4 | 100.0
            +---------+---------+-------+---------+---------+-------
